 Dungeon Crawl Stone Soup version 0.21-a0-394-gdc75ea7 (console) character file.

4101 Hector the Spear-Bearer (level 10, -3/76 HPs)
             Began as a Merfolk Fighter on Oct 18, 2017.
             Was a Priest of Makhleb.
             Killed by divine providence
             ... invoked by an orc priest
              (11 damage)
             ... on level 8 of the Dungeon.
             The game lasted 00:30:47 (9818 turns).

Hector the Spear-Bearer (Merfolk Fighter)           Turns: 9818, Time: 00:30:48

Health: -3/76      AC: 16    Str: 19    XL:     10   Next: 26%
Magic:  14/14      EV:  5    Int:  8    God:    Makhleb [***...]
Gold:   318        SH: 10    Dex: 15    Spells: 9/9 levels left

rFire    . . .     SeeInvis .   a - +0 trident
rCold    + + .     Gourm    .   i - +0 shield
rNeg     . . .     Faith    .   d - +0 plate armour
rPois    .         Spirit   .   h - +2 helmet of the Morning {Dex+3}
rElec    .         Reflect  .   (no cloak)
rCorr    .         Harm     .   S - +0 pair of gloves
MR       .....     Rnd*Tele +   (no boots)
Stlth    ..........             E - amulet of rage
HPRegen  0.22/turn              L - ring of protection from cold
MPRegen  0.14/turn              R - ring of protection from cold

@: no status effects
A: change form in water, swift swim, stealthy swim, claws 1, clumsy 1, sense
surroundings 1, teleportitis 1, evolution 1, MP-powered wands
a: Minor Destruction, Lesser Servant of Makhleb, Renounce Religion, Evoke
Berserk Rage


You were on level 8 of the Dungeon.
You worshipped Makhleb.
Makhleb was most pleased with you.
You were very hungry.

You visited 1 branch of the dungeon, and saw 8 of its levels.
You also visited: Ossuary.

You collected 318 gold pieces.

Inventory:

Hand Weapons
 a - a +0 trident (weapon)
 e - a +3 hunting sling
 n - a +2 war axe of chopping
 s - a +1 whip of electrocution
 z - a +0 halberd
 B - a +0 blowgun
 D - a +0 flail of crushing
Missiles
 k - 225 stones (quivered)
 v - 39 arrows
 y - 37 poisoned needles
 M - 11 tomahawks
Armour
 b - a +0 scale mail
 d - a +0 plate armour (worn)
 h - the +2 helmet of the Morning (worn) {Dex+3}
   (You took it off Robin on level 4 of the Dungeon)

   It affects your dexterity (+3).
 i - a +0 shield (worn)
 H - a +1 helmet
 S - a +0 pair of gloves (worn)
Jewellery
 E - an amulet of rage (around neck)
 L - a ring of protection from cold (left hand)
 N - a +5 ring of intelligence
 R - a ring of protection from cold (right hand)
Wands
 I - a wand of polymorph (12/24)
 J - a wand of confusion (25/48)
Scrolls
 c - 4 scrolls of teleportation
 l - 8 scrolls of identify
 o - 2 scrolls of remove curse
 q - a scroll of amnesia
 t - a scroll of blinking
 w - 2 scrolls of fog
 F - 2 scrolls of enchant armour {unknown}
 K - 2 scrolls of magic mapping
 Q - a scroll of silence {unknown}
Potions
 j - a potion of heal wounds
 m - a potion of magic
 p - 4 potions of flight
 r - a potion of resistance
 u - 2 potions of curing
 A - 2 potions of might
 C - 5 potions of lignification
 G - a potion of ambrosia
Books
 P - a book of Geomancy

   Spells                             Type                      Level
   a - Sandblast                      Earth                        1
   b - Passwall                       Transmutation/Earth          2
   c - Stone Arrow                    Conjuration/Earth            3
   d - Petrify                        Transmutation/Earth          4
   e - Lee's Rapid Deconstruction     Earth                        5
 U - a book of Cantrips

   Spells                             Type                      Level
   a - Confusing Touch                Hexes                        1
   b - Animate Skeleton               Necromancy                   1
   c - Summon Small Mammal            Summoning                    1
   d - Apportation                    Translocation                1
Comestibles
 f - a fruit
 g - 5 meat rations
 x - 4 bread rations


   Skills:
 + Level 6.3 Fighting
 + Level 12.7 Polearms
 + Level 5.2 Armour
 + Level 2.4 Dodging
 + Level 5.8 Shields
 * Level 6.5 Invocations


You had 9 spell levels left.
You didn't know any spells.

Dungeon Overview and Level Annotations

Branches:
Dungeon (8/15)             Temple (0/1) D:5            Lair (0/6) D:8

Altars:
Kikubaaqudgha
Makhleb
Nemelex Xobeh
Sif Muna
Uskayaw
Wu Jian
The Shining One


Innate Abilities, Weirdness & Mutations

You revert to your normal form in water.
You are very nimble and swift while swimming.
You are very stealthy in the water. (Stealth+)
You have sharp fingernails.
You are clumsy. (Dex -2)
You passively map a small area around you.
You are occasionally teleported next to monsters.
You evolve.
You expend magic power (3 MP) to strengthen your wands.


Message History

You are too injured to fight recklessly!
You are too injured to fight recklessly!
You are too injured to fight recklessly!
You are too injured to fight recklessly!
You are too injured to fight recklessly!
You are too injured to fight recklessly!
You are too injured to fight recklessly!
Unknown command.
You closely miss the orc warrior.
The orc warrior is lightly wounded.
The orc priest looks braver for a moment.
Your plate armour prevents you from hitting the orc warrior.
The orc warrior is lightly wounded.
The orc warrior hits you with a battleaxe of flaming!
* * * LOW HITPOINT WARNING * * *
The orc warrior burns you.
* * * LOW HITPOINT WARNING * * *
The orc priest mumbles some strange prayers to Beogh against you.
Beogh smites you!
You die...

*.. * , * #.# ##. * #.# ,
, .. * #.# * * #. * * #
#.# ##'## , ..* ##..
##...## .# #... ##...o.##
####.####.## #..ooooo##
##.......#.##
##..o###@####........#.##
, #....,
#.'............... #.....
#.####........#.## ,
#..P.. ### ##.......#...
#....oh , #.......####
#o.ho.. #...[...# #
.....o. , * #.####### # ,
#<# # , * #.# #


You could see an orc warrior, an orc priest and 4 orcs.

Vanquished Creatures
  The ghost of marriedatthemol the Skirmisher, a novice MiAK of Lugonu (D:6)
  Grinder (D:6)
  Prince Ribbit (D:5)
  A hippogriff (D:5)
  Sigmund (D:5)
  Menkaure (D:4)
  2 wargs (D:8)
  A phantom (D:8)
  2 ice beasts (D:5)
  4 ogres
  3 sky beasts
  A necrophage (D:6)
  Blork the orc (D:5)
  2 bullfrogs (D:8)
  3 water moccasin zombies (Ossuary)
  A scorpion (D:4)
  3 killer bees (D:7)
  A jelly (D:8)
  2 crimson imps
  A bullfrog zombie (D:5)
  A hound (D:5)
  4 bullfrog skeletons
  5 orc priests
  4 orc wizards
  6 worker ants
  A big kobold zombie (Ossuary)
  2 mummies (Ossuary)
  Robin (D:4)
  A worker ant zombie (D:5)
  9 gnolls
  A river rat (D:4)
  10 adders
  3 adder zombies (Ossuary)
  An adder skeleton (D:4)
  2 worms
  A dart slug (D:4)
  3 leopard geckos
  10 orcs
  2 bat zombies (D:8)
  7 giant cockroaches
  4 gnoll zombies (Ossuary)
  14 goblins
  12 hobgoblins
  14 jackals
  6 kobolds
  5 quokkas
  A ball python (D:3)
  5 bats
  6 frilled lizards
  8 hobgoblin zombies (Ossuary)
  5 kobold zombies (Ossuary)
  6 orc zombies (Ossuary)
  9 rats
  2 rat zombies (D:8)
204 creatures vanquished.

Vanquished Creatures (collateral kills)
  Joseph (D:7)
1 creature vanquished.

Grand Total: 205 creatures vanquished

Notes
Turn   | Place    | Note
-------+----------+-------------------------------------------
     0 | D:1      | Hector the Merfolk Fighter began the quest for the Orb.
     0 | D:1      | Reached XP level 1. HP: 18/18 MP: 1/1
   187 | D:1      | Reached skill level 4 in Polearms
   187 | D:1      | Reached XP level 2. HP: 12/24 MP: 2/2
   401 | D:1      | Reached skill level 5 in Polearms
   401 | D:1      | Reached XP level 3. HP: 25/29 MP: 3/3
  1100 | D:2      | Reached skill level 6 in Polearms
  1100 | D:2      | Reached XP level 4. HP: 14/35 MP: 4/4
  1533 | D:2      | Reached skill level 7 in Polearms
  1579 | D:2      | Reached XP level 5. HP: 32/41 MP: 5/5
  1791 | D:2      | Found a faded altar of an unknown god.
  1799 | D:2      | Became a worshipper of Uskayaw the Reveler
  1799 | D:2      | Reached * piety under Uskayaw
  2445 | D:3      | Found an ornate altar of the Wu Jian Council.
  2548 | D:3      | Reached ** piety under Uskayaw
  2780 | D:3      | Found a burning altar of Makhleb.
  2793 | D:3      | Fell from the grace of Uskayaw
  2793 | D:3      | Became a worshipper of Makhleb the Destroyer
  3112 | D:4      | Found a sand-covered staircase.
  3119 | Ossuary  | Entered an ossuary
  3247 | Ossuary  | Reached skill level 1 in Invocations
  3247 | Ossuary  | Reached XP level 6. HP: 36/47 MP: 6/6
  3261 | Ossuary  | Reached skill level 8 in Polearms
  3362 | Ossuary  | Reached * piety under Makhleb
  3612 | D:4      | Found a glowing golden altar of the Shining One.
  3615 | D:4      | Noticed Robin
  3635 | D:4      | Killed Robin
  3678 | D:4      | Got a brightly glowing helmet
  3684 | D:4      | Identified the +2 helmet of the Morning {Dex+3} (You took it off Robin on level 4 of the Dungeon)
  3725 | D:4      | Reached XP level 7. HP: 37/53 MP: 8/8
  3733 | D:4      | Reached skill level 9 in Polearms
  3909 | D:4      | Reached ** piety under Makhleb
  4215 | D:4      | Noticed Menkaure
  4234 | D:4      | Killed Menkaure
  4683 | D:5      | Entered Level 5 of the Dungeon
  4694 | D:5      | Reached skill level 1 in Dodging
  4828 | D:5      | Reached XP level 8. HP: 34/61 MP: 10/10
  4973 | D:5      | HP: 2/61 [ogre/giant club (15)]
  4974 | D:5      | Reached skill level 10 in Polearms
  5016 | D:5      | Noticed Blork the orc
  5241 | D:5      | Killed Blork the orc
  5327 | D:5      | Gained mutation: You have supernaturally acute eyesight. (SInv) [mutagenic meat]
  5328 | D:5      | Gained mutation: You expend magic power (3 MP) to strengthen your wands. [mutagenic meat]
  5329 | D:5      | Gained mutation: You have sharp fingernails. [mutagenic meat]
  5330 | D:5      | Gained mutation: You passively map a small area around you. [mutagenic meat]
  5331 | D:5      | Gained mutation: You are clumsy. (Dex -2) [mutagenic meat]
  5776 | D:5      | Noticed Sigmund
  5795 | D:5      | Killed Sigmund
  5965 | D:5      | Found a staircase to the Ecumenical Temple.
  6094 | D:5      | Reached skill level 5 in Fighting
  6094 | D:5      | Reached skill level 11 in Polearms
  6094 | D:5      | Reached XP level 9. HP: 68/68 MP: 12/12
  6096 | D:5      | Reached *** piety under Makhleb
  6286 | D:5      | Reached skill level 5 in Invocations
  6655 | D:5      | Noticed Prince Ribbit
  6852 | D:5      | Found a deep blue altar of Sif Muna.
  7075 | D:5      | Killed Prince Ribbit
  7189 | D:6      | Noticed marriedatthemol's ghost (novice MiAK)
  7604 | D:6      | Found a burning altar of Makhleb.
  7719 | D:6      | Noticed Grinder
  7750 | D:6      | Paralysed by Grinder for 7 turns
  7759 | D:6      | Killed Grinder
  7759 | D:6      | Reached skill level 5 in Shields
  7835 | D:6      | Killed marriedatthemol's ghost
  7835 | D:6      | Reached skill level 12 in Polearms
  8140 | D:7      | Gained mutation: You are occasionally teleported next to monsters. [mutagenic meat]
  8142 | D:7      | Gained mutation: You evolve. [mutagenic meat]
  8143 | D:7      | Gained mutation: Your spells are a little harder to cast, but a little more powerful. [mutagenic meat]
  8144 | D:7      | Lost mutation: Your spells are a little harder to cast, but a little more powerful. [mutagenic meat]
  8145 | D:7      | Lost mutation: You have supernaturally acute eyesight. (SInv) [mutagenic meat]
  8311 | D:7      | You fall through a shaft!
  8494 | D:8      | Paralysed by the fury of Uskayaw for 2 turns
  8581 | D:8      | Reached XP level 10. HP: 75/75 MP: 14/14
  8601 | D:8      | Reached skill level 5 in Armour
  8784 | D:8      | Found an ancient bone altar of Kikubaaqudgha.
  8948 | D:7      | Found a sparkling altar of Nemelex Xobeh.
  9583 | D:7      | Noticed Joseph
  9596 | D:7      | Killed Joseph
  9769 | D:8      | Found a staircase to the Lair.
  9818 | D:8      | Killed from afar by an orc priest

Vault maps used:
D:1:      scummos_arrival_checkerplants, kennysheep_crisscross
D:2:      chequers_ecumenical_altar_simple
D:3:      old_standard_altar, bloody_makhleb
D:4:      kennysheep_mini, first_bread, chequers_ossuary_entry_cave,
          gup_sewer_entry_spiral, minmay_three_crescents, uniq_robin,
          uniq_menkaure
D:5:      tgw_sif, minmay_temple_entry_fiery, uniq_sigmund, uniq_blork_the_orc,
          uniq_prince_ribbit1
D:6:      basic_altar, uniq_grinder
D:7:      nicolae_overflow_crystal_walls, uniq_joseph
D:8:      lemuel_zombie_altar_kikubaaqudgha, erik_lair_orcish_takeover
Ossuary:  ossuary_tomb_2

Skill      XL: |  1  2  3  4  5  6  7  8  9 10 |
---------------+-------------------------------+-----
Polearms       | 4 5 6 7 8 9 11 12 | 12.7
Invocations    | 1 2 3 4 6 |  6.5
Fighting       | 4 5 6 |  6.3
Armour         | 3 4 5 |  5.2
Dodging        | 1 2 |  2.4
Shields        | 4 5 |  5.8

Action                   |  1- 3 |  4- 6 |  7- 9 | 10-12 || total
-------------------------+-------+-------+-------+-------++-------
Melee: Trident           |    95 |   373 |   499 |   126 ||  1093
       Tailslap          |       |       |     2 |       ||     2
Invok: Minor Destruction |       |       |    18 |       ||    18
       Lesser Servant of |       |       |     3 |     1 ||     4
  Use: Scroll            |       |    14 |       |     1 ||    15
       Potion            |       |       |     8 |     3 ||    11
 Stab: Distracted        |       |       |     2 |       ||     2
  Eat: Chunk             |     1 |     6 |    23 |     3 ||    33
       Bread ration      |       |     1 |       |       ||     1
       Fruit             |       |       |     3 |       ||     3
Armor: Scale mail        |    29 |    29 |       |       ||    58
       Plate armour      |       |   100 |   136 |    41 ||   277
       Skin              |       |       |     6 |       ||     6
Dodge: Dodged            |    15 |    39 |    33 |     8 ||    95
Block: Shield            |    34 |   107 |   114 |    53 ||   308

Table legend:
 A = Spawn XP
 B = Non-spawn XP
 C = Spawn XP percentage of total XP
 D = Spawn monster count
 E = Non-spawn monster count
 F = Spawn count percentage of total count
 G = Total turns spent on level
                    A         B        C        D         E        F      G
               +---------+---------+-------+---------+---------+-------+---------
         Total |       0 |    5859 |   0.0 |       0 |     203 |   0.0 |  9818
               +---------+---------+-------+---------+---------+-------+---------
           D:1 |       0 |      46 |   0.0 |       0 |      20 |   0.0 |   962
           D:2 |       0 |     128 |   0.0 |       0 |      27 |   0.0 |  1228
           D:3 |       0 |      74 |   0.0 |       0 |      21 |   0.0 |   896
           D:4 |       0 |     565 |   0.0 |       0 |      35 |   0.0 |  1547
           D:5 |       0 |    2022 |   0.0 |       0 |      34 |   0.0 |  2161
           D:6 |       0 |     918 |   0.0 |       0 |       5 |   0.0 |   839
           D:7 |       0 |     785 |   0.0 |       0 |      14 |   0.0 |  1107
           D:8 |       0 |     991 |   0.0 |       0 |      17 |   0.0 |   594
       Ossuary |       0 |     330 |   0.0 |       0 |      30 |   0.0 |   484
               +---------+---------+-------+---------+---------+-------+---------
